 Dungeon Crawl Stone Soup version 0.16-a0-3280-g3a29b53 (webtiles) character file.

129 Ololoev the Charlatan (level 5, 0/55 HPs)
             Began as a Merfolk Artificer on Dec 24, 2014.
             Succumbed to an adder's poison
             ... on level 3 of the Dungeon.
             The game lasted 00:08:13 (2699 turns).

Ololoev the Charlatan (Merfolk Artificer)           Turns: 2699, Time: 00:08:13

Health: 0/55       AC:  8    Str: 17      XL:     5   Next: 12%
Magic:  9/9        EV:  7    Int:  8 (12) God:
Gold:   129        SH:  0    Dex: 14      Spells: 0 memorised, 4 levels left

rFire  . . .     SeeInvis .     p - +0 spear
rCold  . . .     Clarity  .     i - +0 chain mail
rNeg   . . .     SustAb   .     (no shield)
rPois  .         Gourm    .     (no helmet)
rElec  .         Spirit   .     (no cloak)
rCorr  .         Warding  .     (no gloves)
rMut   .         Stasis   .     (no boots)
MR     .....                    (no amulet)
Stlth  ..........               (no ring)
                                (no ring)

@: berserking, lethally poisoned, drained, very quick, not resistant to hostile
enchantments, extremely unstealthy
A: change form in water, swift swim
a: no special abilities


You were on level 3 of the Dungeon.
You were hungry.

You visited 1 branch of the dungeon, and saw 4 of its levels.

You collected 129 gold pieces.

Notes
Turn   | Place    | Note
--------------------------------------------------------------
     0 | D:1      | Ololoev, the Merfolk Artificer, began the quest for the Orb.
     0 | D:1      | Reached XP level 1. HP: 15/15 MP: 1/1
   440 | D:1      | Reached XP level 2. HP: 4/21 MP: 3/3
   817 | D:1      | Reached skill level 4 in Evocations
  1230 | D:2      | Reached XP level 3. HP: 24/26 MP: 5/5
  1666 | D:2      | Reached skill level 5 in Evocations
  1681 | D:2      | Reached XP level 4. HP: 24/32 MP: 7/7
  2093 | D:3      | Found a shadowy altar of Dithmenos.
  2227 | D:3      | Reached skill level 1 in Polearms
  2357 | D:3      | Found a white marble altar of Elyvilon.
  2676 | D:4      | Noticed a phantom
  2695 | D:3      | HP: 1/32 [adder (3)]
  2697 | D:3      | Reached XP level 5. HP: 1/37 MP: 9/9
  2699 | D:3      | Succumbed to an adder's poison

Inventory:

Hand weapons
 p - a +0 spear (weapon)
Armour
 i - a +0 chain mail (worn)
Magical devices
 b - a wand of flame (9)
 c - a wand of enslavement (11)
 d - a wand of random effects (12)
Scrolls
 l - 5 scrolls of remove curse
 o - 2 scrolls of teleportation
 q - a scroll of magic mapping {unknown}
Potions
 e - a potion of agility {unknown}
 k - 2 potions of brilliance
 n - a potion of might
Comestibles
 f - 4 bread rations
 h - 2 beef jerkies
 j - 2 meat rations
 m - 8 fruits

Table legend:
 A = Turns spent in this place as a percentage of turns spent in the entire game.
 B = Non-inter-level travel turns spent in this place as a percentage of non-inter-level travel turns spent in the entire game.
 C = Inter-level travel turns spent in this place as a percentage of turns spent in this place.
 D = Turns resting spent in this place as a percentage of non-inter-level travel turns spent in this place.
 E = Turns spent auto-exploring this place as a percentage of non-inter-level travel turns spent in this place.
 F = Non-inter-level travel turns spent in this place divided by the number of levels of this place that you've seen.
                   A       B       C       D       E      F
               +-------+-------+-------+-------+-------+----------------------
         Total | 100.0 | 100.0 |   0.3 |   3.6 |  10.4 | 241.5
       Dungeon | 100.0 | 100.0 |   0.3 |   3.6 |  10.4 | 241.5
               +-------+-------+-------+-------+-------+----------------------


   Skills:
 - Level 1.1(0.6) Fighting
   Level 1.2(0.7) Short Blades
 * Level 3.3(2.8) Polearms
 - Level 2.6(2.2) Dodging
 - Level 1.1(0.6) Stealth
 - Level 5.3(4.8) Evocations


You had 4 spell levels left.
You didn't know any spells.

Dungeon Overview and Level Annotations

Branches:
Dungeon (4/15)
 Temple: D:4-7

Altars:
Dithmenos
Elyvilon


Message History

You climb upwards.
You feel sick.
There is a stone staircase leading down here.
Unknown command.
Evoke which item? (* to show all) (? for menu, Esc to quit)
Zapping:
b - a wand of flame (11)
Press: ? - help, Shift-Dir - straight line, f - adder
Aim: an adder The puff of flame hits the adder.
The adder is moderately wounded.
This wand has 10 charges left.
You feel sick. The adder bites you but does no damage.
Evoke which item? (* to show all) (? for menu, Esc to quit)
Zapping:
b - a wand of flame (10)
Press: ? - help, Shift-Dir - straight line, f/p - adder
Aim: an adder (moderately wounded)
The puff of flame misses the adder.
This wand has 9 charges left.
The adder barely misses you. The gnoll hits you but does no damage.
Drink which item? (? for menu, Esc to quit)
It was a potion of degeneration.
There was something very wrong with that liquid.
You feel dopey.
You feel sick. The adder bites you. The gnoll hits you but does no damage.
The adder bites you but does no damage.
Drink which item? (? for menu, Esc to quit)
It was a potion of berserk rage.
A red film seems to cover your vision as you go berserk!
You feel yourself moving faster!
You feel mighty! The adder bites you but does no damage.
The gnoll closely misses you.
You are too berserk!
You puncture the adder!
You kill the adder!
You have reached level 5!
You feel clever. The gnoll hits you but does no damage.
You puncture the gnoll!
The gnoll is severely wounded.
You puncture the gnoll!
You kill the gnoll!
Your Polearms skill increases to level 3!
You die...

.# ######### (##########.......#
................#.#
###########.###.#.### ###<#
#...#.#.[.# #########
.##.#########.#.###.# ###........
.##.#.........#.....# #..........
..#.#.#####.###########.#..#####.
................@)......#........
#.#.#.#####.###.##.#######.#####.
#.#...# #.........# #.......
#.##### #####.##..# #.#####.
#.####### #.##..# ##.......
........# #.##..### #..#####.
#.#####.# #####.##....# #........
..### #.# #.......#.#.###..#####.
....# #.###.###.#.#.#............


There were no monsters in sight!

Table legend:
 A = Kills in this place as a percentage of kills in entire the game.
 B = Kills by you in this place as a percentage of kills by you in the entire game.
 C = Kills by friends in this place as a percentage of kills by friends in the entire game.
 D = Other kills in this place as a percentage of other kills in the entire game.
 E = Experience gained in this place as a percentage of experience gained in the entire game.
 F = Experience gained in this place divided by the number of levels of this place that you have seen.
                   A       B       C       D       E      F
               +-------+-------+-------+-------+-------+----------------------
         Total | 100.0 | 100.0 | 100.0 |  -nan | 100.0 |  46.2
       Dungeon | 100.0 | 100.0 | 100.0 |  -nan | 100.0 |  46.2
               +-------+-------+-------+-------+-------+----------------------

Vanquished Creatures
  4 adders
  2 gnolls
  A worm (D:2)
  4 giant geckos
  An ooze (D:2)
  An orc (D:3)
  9 bats
  A bat skeleton (D:4)
  5 giant cockroaches
  3 hobgoblins
  3 jackals
  A ball python (D:1)
  4 giant newts
  8 goblins
  10 kobolds
  8 rats
65 creatures vanquished.

Vanquished Creatures (collateral kills)
  A giant gecko (D:4)
  A hobgoblin (D:1)
  A bat (D:1)
  A goblin (D:1)
4 creatures vanquished.

Grand Total: 69 creatures vanquished

Action                   |  1- 3 |  4- 6 || total
-------------------------+-------+-------++-------
Melee: Short sword       |   138 |    51 ||   189
       Spear             |       |    45 ||    45
Evoke: Wand              |     7 |     6 ||    13
  Use: Scroll            |     1 |     4 ||     5
       Potion            |       |     2 ||     2
 Stab: Distracted        |       |     1 ||     1
  Eat: Chunk             |     2 |     3 ||     5

Vault maps used:
D:1:      dpeg_arrival_houses_and_road, kennysheep_decorative_pillar
D:2:      st_stairs_6
D:3:      elyvilon_altar_4, lemuel_doored_altar, minmay_misc_feat_rows
D:4:      grunt_temple_overflow_holy_war, lemuel_round_altar, first_bread,
          guppyfry_early_orc_mine
